 Dungeon Sprint DCSS version 0.20-a0-550-gf70bbbc (webtiles) character file.

1260 KristoblXynda the Grappler (level 8, -13/74 HPs)
             Began as a Troll Monk on Feb 2, 2017.
             Was a Believer of Cheibriados.
             Shot with a bolt by a yaktaur (19 damage)
             ... while paralysed by a hornet
             ... in the Dungeon (Sprint II: "The Violet Keep of Menkaure").
             The game lasted 00:01:54 (511 turns).

KristoblXynda the Grappler (Troll Monk)              Turns: 511, Time: 00:01:55

Health: -13/74     AC:  5    Str: 25    XL:     8   Next: 27%
Magic:  7/7        EV:  1    Int:  9    God:    Cheibriados [**....]
Gold:   972        SH:  0    Dex: 16    Spells: 7/7 levels left

rFire    . . .     SeeInvis .     - Unarmed
rCold    . . .     Gourm    +   a - +0 robe
rNeg     . . .     Faith    .   (no shield)
rPois    .         Spirit   .   (helmet restricted)
rElec    .         Reflect  .   (no cloak)
rCorr    .         Harm     .   (gloves unavailable)
MR       .....     NoTele   +   (boots unavailable)
Stlth    ++........             (no amulet)
Regen    0.7/turn               (no ring)
                                (no ring)

@: paralysed, lethally poisoned (-13 -> -15), very slightly contaminated,
slowed, very slow
A: unfitting armour, claws 3, blurry vision 1, dopey 1, fast metabolism 3,
gourmand, regeneration 1, shaggy fur 1, tough skin 2, MP-powered wands
a: Bend Time, Renounce Religion


You were in the Dungeon.
You worshipped Cheibriados.
Cheibriados was pleased with you.
You were completely stuffed.

You visited 1 branch You collected 972 gold pieces.

Inventory:

Armour
 a - a +0 robe (worn)
Potions
 e - a potion of haste
 f - 2 potions of magic
 g - a potion of berserk rage
Comestibles
 b - 2 bread rations
 c - 2 chunks of flesh


   Skills:
 - Level 2.4 Fighting
 + Level 11.1 Dodging
 - Level 1.0 Stealth
 + Level 13.0 Unarmed Combat


You had 7 spell levels left.
You didn't know any spells.

Dungeon Overview and Level Annotations

Branches:
Dungeon (1/1)

Altars:
Cheibriados
Dithmenos
Elyvilon
Fedhas
Gozag
Hepliaklqana
Kikubaaqudgha
Makhleb
Nemelex Xobeh
Okawaru
Qazlal
Ru
Sif Muna
Trog
Uskayaw
Vehumet
Xom
Yredelemnul
Zin
The Shining One
Beogh
Jiyva
Lugonu

Shops:
D !}=:}[:?(


Innate Abilities, Weirdness & Mutations

You are too large for most types of armour.
You have claws for hands.
Your metabolism is lightning-fast.
You like to eat raw meat.
Your natural rate of healing is unusually fast.
You are covered in fur. (AC +1)
You have very tough skin. (AC +2)
Scrolls take you a little longer to read.
You are dopey. (Int -2)
You expend magic power (3 MP) to strengthen your wands.


Message History

Blink to where?
Press: ? - help, Dir - move target cursor A net drops to the ground!
You are very lightly contaminated with residual magic.
As you read the scroll of blinking, it crumbles to dust.
You strike the helpless hornet from behind!
You scratch the hornet but do no damage.
The hornet stings you!
You suddenly lose the ability to move!
The yaktaur wields an arbalest.
The yaktaur shoots a bolt.
The bolt hits you!! The hornet stings you!
* * * LOW HITPOINT WARNING * * *
You are poisoned.
You feel yourself slow down.
The hornet stings you but does no damage.
You feel yourself speed up.
You feel sick. The hornet stings you!
* * * LOW HITPOINT WARNING * * *
You are more poisoned.
You feel yourself slow down.
The yaktaur shoots a bolt.
The bolt hits you!!
You die... .. #+##.. #. .#.##.#### +.### .#..# ...# ...# ...####..## #..# .# #'###.##..# +..# .# !%[?

#.###..#..# #..# c#▓!$($
.<.'.##'..####..##.#▓(!($
#.###..#....###.@.##▓▓▓▓▓
#'# #.##.§.§..≈≈≈y≈≈≈≈≈≈≈
.#.####≈≈.§...≈#c########
###.#≈≈≈≈≈§≈..≈#hh..._._#
.# ##≈≈≈≈§§§§.≈#...._._.#
#+ #≈§≈≈≈≈≈§≈≈≈#..._._._#
≈≈≈≈≈§≈≈≈≈§≈#.._._._.#
++#≈≈≈§§§≈§≈#.§._._._#
##≈§§###≈≈#_._._._.#


You could see 2 polar bears, a yaktaur and a hornet.

Vanquished Creatures
  2 hippogriffs (D)
  4 neqoxecs (D)
  4 necrophages (D)
  4 worker ants (D)
14 creatures vanquished.

Vanquished Creatures (others)
  A crocodile (D)
1 creature vanquished.

Grand Total: 15 creatures vanquished

Notes
Turn   | Place    | Note
-------+----------+-------------------------------------------
     0 | D        | KristoblXynda the Troll Monk began the quest for the Orb.
     0 | D        | Reached XP level 1. HP: 22/22 MP: 0/0
     1 | D        | Noticed a necrophage
     1 | D        | Noticed a necrophage
     1 | D        | Noticed a necrophage
     1 | D        | Noticed a necrophage
    16 | D        | Killed a necrophage
    16 | D        | Reached skill level 5 in Dodging
    16 | D        | Reached skill level 6 in Unarmed Combat
    16 | D        | Reached XP level 2. HP: 21/29 MP: 1/1
    16 | D        | Reached XP level 3. HP: 26/36 MP: 2/2
    16 | D        | Reached XP level 4. HP: 32/44 MP: 3/3
    20 | D        | Killed a necrophage
    20 | D        | Reached skill level 8 in Unarmed Combat
    20 | D        | Reached XP level 5. HP: 33/50 MP: 4/4
    24 | D        | Killed a crocodile
    26 | D        | Killed a necrophage
    26 | D        | Reached skill level 9 in Unarmed Combat
    31 | D        | Killed a necrophage
    31 | D        | Reached XP level 6. HP: 33/59 MP: 5/5
   164 | D        | Noticed a neqoxec
   164 | D        | Noticed a neqoxec
   164 | D        | Noticed a neqoxec
   164 | D        | Noticed a neqoxec
   164 | D        | Gained mutation: You expend magic power (3 MP) to strengthen your wands. [a neqoxec]
   171 | D        | Gained mutation: Scrolls take you a little longer to read. [a neqoxec]
   172 | D        | Killed a neqoxec
   172 | D        | Reached skill level 10 in Unarmed Combat
   176 | D        | Killed a neqoxec
   176 | D        | Reached skill level 11 in Unarmed Combat
   176 | D        | Reached XP level 7. HP: 25/66 MP: 6/6
   176 | D        | Gained mutation: You are dopey. (Int -2) [a neqoxec]
   188 | D        | Killed a neqoxec
   188 | D        | Reached skill level 10 in Dodging
   190 | D        | Killed a neqoxec
   190 | D        | Reached skill level 12 in Unarmed Combat
   350 | D        | Noticed a hippogriff
   350 | D        | Noticed a hippogriff
   353 | D        | Killed a hippogriff
   359 | D        | Killed a hippogriff
   359 | D        | Reached XP level 8. HP: 44/74 MP: 7/7
   427 | D        | Reached skill level 13 in Unarmed Combat
   477 | D        | Found Forchyuz's Jewellery Emporium.
   477 | D        | Found Piro's Gadget Emporium.
   477 | D        | Found Vophojy's Distillery.
   477 | D        | Found Jouqudic's Book Emporium.
   477 | D        | Found Ynadela's Gadget Shoppe.
   477 | D        | Found Maasea's Antique Weapon Emporium.
   477 | D        | Found Rician's Book Shoppe.
   477 | D        | Found Cefragg's Antique Armour Shoppe.
   477 | D        | Found Jifed's Magic Scroll Shoppe.
   493 | D        | Found a snail-covered altar of Cheibriados.
   494 | D        | Found a shadowy altar of Dithmenos.
   494 | D        | Found a roughly hewn altar of Beogh.
   494 | D        | Found a viscous altar of Jiyva.
   495 | D        | Found a white marble altar of Elyvilon.
   495 | D        | Found an ancient bone altar of Kikubaaqudgha.
   496 | D        | Found a blossoming altar of Fedhas.
   496 | D        | Found a corrupted altar of Lugonu.
   496 | D        | Found a deep blue altar of Sif Muna.
   497 | D        | Found an opulent altar of Gozag.
   497 | D        | Found a burning altar of Makhleb.
   497 | D        | Found a bloodstained altar of Trog.
   498 | D        | Found a sparkling altar of Nemelex Xobeh.
   498 | D        | Found a hide-covered altar of Uskayaw.
   499 | D        | Found a glowing silver altar of Zin.
   500 | D        | Found an iron altar of Okawaru.
   500 | D        | Found a radiant altar of Vehumet.
   500 | D        | Found a glowing golden altar of the Shining One.
   500 | D        | Found a hazy altar of Hepliaklqana.
   500 | D        | Found a sacrificial altar of Ru.
   500 | D        | Found a basalt altar of Yredelemnul.
   500 | D        | Noticed a hornet
   500 | D        | Noticed a polar bear
   501 | D        | Noticed a polar bear
   501 | D        | Found a stormy altar of Qazlal.
   501 | D        | Found a shimmering altar of Xom.
   501 | D        | Noticed a yaktaur
   502 | D        | Noticed a polar bear
   506 | D        | Became a worshipper of Cheibriados the Contemplative
   506 | D        | Reached * piety under Cheibriados
   506 | D        | Reached ** piety under Cheibriados
   509 | D        | Paralysed by a hornet for 3 turns
   511 | D        | Shot with a bolt by a yaktaur

Vault maps used:
D:        the_violet_keep_of_menkaure

Skill      XL: |  1  2  3  4  5  6  7  8 |
---------------+-------------------------+-----
Dodging        | 5 6 8 9 11 | 11.1
Unarmed Combat | 6 8 9 11 12 13 | 13.0
Fighting       | |  2.4
Stealth        | |  1.0

Action                   |  1- 3 |  4- 6 |  7- 9 || total
-------------------------+-------+-------+-------++-------
Melee: Unarmed           |    12 |    24 |    37 ||    73
       Punch             |       |     2 |       ||     2
  Use: Potion            |     1 |       |     1 ||     2
       Scroll            |       |       |     1 ||     1
 Stab: Distracted        |       |       |     1 ||     1
  Eat: Chunk             |       |       |    10 ||    10
Armor: Robe              |     1 |     2 |     5 ||     8
Dodge: Dodged            |     6 |     4 |    23 ||    33
